Avalanche vs Flyers

Created - January 20, 2024 at 22:00

Goals
1 2 3 T
Avalanche 2 0 3 5
Flyers 0 0 0 0
Shots
1 2 3 T
Avalanche 16 8 16 40
Flyers 7 14 9 30

1st period

1. Avalanche , Warren Foegele 5 (Roope Hintz 17) at 12:07
2. Avalanche , Mikko Rantanen 19 (Nathan MacKinnon 28, Erik Karlsson 32) at 19:02 (PP)

Penalties :
Trevor Moore (PHI) for Slashing (Minor) at 7:48, Moritz Seider (PHI) for Hooking (Minor) at 18:21, Jordie Benn (COL) for Hooking (Minor) at 19:29

2nd period

No Goal

Penalties :
Boone Jenner (PHI) for Holding (Minor) at 1:47

3rd period

3. Avalanche , Sebastian Aho 24 (Erik Karlsson 33, J.T. Compher 9) at 5:16 (PP)
4. Avalanche , Marc-Edouard Vlasic 8 (Valeri Nichushkin 13, Nathan MacKinnon 29) at 11:56 (PP)
5. Avalanche , J.T. Compher 8 (Tyson Barrie 19, Evander Kane 22) at 14:13 (PP)

Penalties :
Boone Jenner (PHI) for Holding (Minor) at 0:43, Radko Gudas (PHI) for Hooking (Minor) at 4:42, Moritz Seider (PHI) for Slashing (Minor) at 6:07, Trevor Moore (PHI) for Hooking (Minor) at 11:46, Radko Gudas (PHI) for Cross-checking (Minor) at 12:58

Goalie Stats

Ilya Samsonov (COL), 30 saves from 30 shots - (1.000), W, 18-3-1, 60:00 minutes
Ilya Sorokin (PHI), 35 saves from 40 shots - (0.875), L, 24-21-1, 60:00 minutes

Players Stats for Avalanche

Player Name              G  A  P  +/- PIM S  H  SB GA TA FO     MP     PP MP  PK MP  
------------------------------------------------------------------------------------
Alex Iafallo             0  0  0   1  0   4  1  0  0  0  0/0    14:39   0:00   0:00 
Alex Newhook             0  0  0   0  0   0  2  0  0  0  9/13    8:46   0:00   0:00 
Brendan Smith            0  0  0   0  0   0  0  2  0  0  0/0     6:18   0:00   0:00 
Brett Kulak              0  0  0   1  0   0  2  0  0  0  0/0    17:34   0:00   0:00 
Erik Karlsson            0  2  2   0  0   1  0  1  0  0  0/0    16:31   5:54   1:15 
Evander Kane             0  1  1   0  0   1  3  0  0  0  0/1    18:44   4:07   0:00 
J.T. Compher             1  1  2   0  0   4  0  1  0  0  1/3    18:44   4:07   0:00 
Jordie Benn              0  0  0   1  2   1  2  3  0  0  0/0    14:25   0:00   0:00 
Justin Faulk             0  0  0   0  0   3  5  0  0  0  0/0    26:24   5:54   1:15 
Marc-Edouard Vlasic      1  0  1   0  0   2  2  4  0  0  0/0    19:37   4:42   0:44 
Mikko Rantanen           1  0  1   0  0   1  1  0  0  0  2/4    17:31   6:29   1:39 
Nathan MacKinnon         0  2  2   0  0   7  1  0  0  0  16/31  26:17   6:29   1:39 
Rocco Grimaldi           0  0  0   0  0   1  0  0  0  0  0/0     8:46   0:00   0:00 
Roope Hintz              0  1  1   1  0   4  0  0  0  0  9/18   14:39   0:00   0:00 
Sebastian Aho            1  0  1   0  0   3  0  0  0  0  20/32  19:04   4:07   0:20 
Tyson Barrie             0  1  1   0  0   1  1  1  0  0  0/0    19:10   4:42   0:44 
Valeri Nichushkin        0  1  1   0  0   6  0  0  0  0  1/2    16:12   6:29   0:20 
Warren Foegele           1  0  1   1  0   1  1  0  0  0  1/1    14:39   0:00   0:00 

Players Stats for Flyers

Player Name              G  A  P  +/- PIM S  H  SB GA TA FO     MP     PP MP  PK MP  
------------------------------------------------------------------------------------
Alex Killorn             0  0  0  -1  0   6  0  0  0  0  0/1    15:28   1:19   2:37 
Anthony Duclair          0  0  0   0  0   3  2  1  0  0  0/0    11:46   0:00   0:00 
Artemi Panarin           0  0  0  -1  0   3  1  0  0  0  0/0    12:51   1:19   0:00 
Blake Wheeler            0  0  0   0  0   1  1  0  0  0  14/36  19:24   0:40   6:55 
Boone Jenner             0  0  0  -1  4   3  2  0  0  0  14/30  17:32   1:19   4:43 
Brandon Tanev            0  0  0   0  0   1  3  0  0  0  0/0    13:32   0:00   1:14 
David Krejci             0  0  0   0  0   1  2  0  0  0  11/21  13:48   0:00   2:02 
Johnathan Kovacevic      0  0  0  -1  0   0  0  1  0  0  0/0    14:46   0:00   0:28 
Morgan Frost             0  0  0   0  0   1  1  0  0  0  0/1    11:46   0:00   0:00 
Moritz Seider            0  0  0   0  4   2  2  0  0  0  0/0    24:15   1:19   4:12 
Patrick Kane             0  0  0   0  0   1  1  0  0  0  0/1    15:06   0:40   2:37 
Radko Gudas              0  0  0   0  4   1  6  1  0  0  0/0    25:10   1:19   5:07 
Robert Hagg              0  0  0  -1  0   0  8  0  0  0  0/0    14:18   0:00   0:00 
Ryan Hartman             0  0  0   0  0   3  1  0  0  0  0/0    12:18   0:00   0:00 
Travis Sanheim           0  0  0   0  0   1  1  2  0  0  0/0    20:10   0:40   5:09 
Trevor Moore             0  0  0   0  4   1  1  0  0  0  0/0    12:27   0:40   0:00 
William Karlsson         0  0  0   0  0   1  0  0  0  0  7/15   13:22   0:00   1:04 
Zachary Werenski         0  0  0   0  0   1  1  1  0  0  0/0    21:17   0:40   6:16 

3 Stars

1 - Ilya Samsonov (COL)
2 - J.T. Compher (COL)
3 - Marc-Edouard Vlasic (COL)

Power Play

Avalanche - 4 on 8 Attempt(s) - 50.00%
Flyers - 0 on 1 Attempt(s) - 0.00%

Penalty Kill

Avalanche - 1 on 1 Attempt(s) - 100.00% - Score 0 goal in Penalty Kill
Flyers - 4 on 8 Attempt(s) - 50.00% - Score 0 goal in Penalty Kill

Team Stat

Avalanche - Hits : 21 - Faceoff Wins : 59 - Blocked Shots : 12 - Penalty Minutes : 2
Flyers - Hits : 33 - Faceoff Wins : 46 - Blocked Shots : 6 - Penalty Minutes : 16

Official

Referees : Brandon Blandina and Jean Hebert
Linesman : CJ Murray and Kilian McNamara

Game Notes

Brendan Smith is injured at 19:25 of 2nd period (Right Forearm)

Finance

Level 1 -- Attendance: 6000 (100.00%) -- Ticket Income $510,000
Level 2 -- Attendance: 5000 (100.00%) -- Ticket Income $225,000
Level 3 -- Attendance: 2000 (100.00%) -- Ticket Income $80,000
Level 4 -- Attendance: 4000 (100.00%) -- Ticket Income $140,000
Luxury Box -- Attendance: 1000 (100.00%) -- Ticket Income $100,000
Game was played at the Wachovia Center.
Total Attendance: 18000 (100.00%)
Total Ticket Income: $1,055,000
Other Income: $516,950
Total Income: $1,571,950

Avalanche

5 vs 5 Forward 
   Center                   Left Wing                Right Wing               Time % Phy DF OF 
 1 Nathan MacKinnon         Valeri Nichushkin        Mikko Rantanen           25     1   2  2  
 2 Sebastian Aho            Evander Kane             J.T. Compher             25     1   2  2  
 3 Roope Hintz              Alex Iafallo             Warren Foegele           25     1   2  2  
 4 Alex Newhook             Rocco Grimaldi           Nathan MacKinnon         25     1   2  2  

5 vs 5 Defense 
   Defense                  Defense                                           Time % Phy DF OF 
 1 Justin Faulk             Erik Karlsson                                     25     1   2  2  
 2 Marc-Edouard Vlasic      Tyson Barrie                                      25     1   2  2  
 3 Brett Kulak              Jordie Benn                                       25     1   2  2  
 4 Brendan Smith            Justin Faulk                                      25     1   2  2  

PowerPlay Forward 
   Center                   Left Wing                Right Wing               Time % Phy DF OF 
 1 Nathan MacKinnon         Valeri Nichushkin        Mikko Rantanen           60     1   2  2  
 2 Sebastian Aho            Evander Kane             J.T. Compher             40     1   2  2  

PowerPlay Defense
   Defense                  Defense                                           Time % Phy DF OF 
 1 Justin Faulk             Erik Karlsson                                     60     1   2  2  
 2 Marc-Edouard Vlasic      Tyson Barrie                                      40     1   2  2  

Penalty Kill 4 Players Forward 
   Center                   Wing                     Time % Phy DF OF 
 1 Nathan MacKinnon         Mikko Rantanen           60     1   2  2  
 2 Sebastian Aho            Valeri Nichushkin        40     1   2  2  

Penalty Kill 4 Players Defense
   Defense                  Defense                  Time % Phy DF OF 
 1 Justin Faulk             Erik Karlsson            60     1   2  2  
 2 Marc-Edouard Vlasic      Tyson Barrie             40     1   2  2  

Penalty Kill - 3 Players Forward 
   Forward                                           Time % Phy DF OF 
 1 Nathan MacKinnon                                  60     1   2  2  
 2 Mikko Rantanen                                    40     1   2  2  

Penalty Kill - 3 Players Defense
   Defense                  Defense                  Time % Phy DF OF 
 1 Justin Faulk             Erik Karlsson            60     1   2  2  
 2 Marc-Edouard Vlasic      Tyson Barrie             40     1   2  2  

4 vs 4 Forward 
   Center                   Wing                     Time % Phy DF OF 
 1 Nathan MacKinnon         Mikko Rantanen           60     1   2  2  
 2 Sebastian Aho            Valeri Nichushkin        40     1   2  2  

4 vs 4 Defense
   Defense                  Defense                  Time % Phy DF OF 
 1 Justin Faulk             Erik Karlsson            60     1   2  2  
 2 Marc-Edouard Vlasic      Tyson Barrie             40     1   2  2  

Last Minutes Offensive
   Center                   Left Wing                Right Wing               Defense                  Defense                  
   Nathan MacKinnon         Valeri Nichushkin        Mikko Rantanen           Justin Faulk             Erik Karlsson            

Last Minutes Defensive
   Center                   Left Wing                Right Wing               Defense                  Defense                  
   Nathan MacKinnon         Valeri Nichushkin        Mikko Rantanen           Justin Faulk             Erik Karlsson            

Goaltenders
Starting : Ilya Samsonov            
Backup : Stuart Skinner           

Extra Forwards
Normal : Roope Hintz, Alex Iafallo, Warren Foegele - PP : Roope Hintz, Alex Iafallo - PK : Warren Foegele
Extra Defensemen
Normal : Brett Kulak, Jordie Benn, Brendan Smith - PP : Brett Kulak - PK : Jordie Benn, Brendan Smith
Penalty Shots
Nathan MacKinnon, Mikko Rantanen, Sebastian Aho, Valeri Nichushkin, Roope Hintz
Custom OT Lines Forwards
Nathan MacKinnon, Mikko Rantanen, Sebastian Aho, Valeri Nichushkin, Roope Hintz, J.T. Compher, Evander Kane, Alex Iafallo, Warren Foegele, Alex Newhook
Custom OT Lines Defensemen
Justin Faulk, Erik Karlsson, Marc-Edouard Vlasic, Tyson Barrie, Brett Kulak

Scratches
Pierre-edouard Bellemare (Healthy)

Flyers

5 vs 5 Forward 
   Center                   Left Wing                Right Wing               Time % Phy DF OF 
 1 Boone Jenner             Artemi Panarin           Alex Killorn             25     1   2  2  
 2 Blake Wheeler            Trevor Moore             Patrick Kane             25     1   2  2  
 3 William Karlsson         Brandon Tanev            Ryan Hartman             25     1   2  2  
 4 David Krejci             Anthony Duclair          Morgan Frost             25     1   2  2  

5 vs 5 Defense 
   Defense                  Defense                                           Time % Phy DF OF 
 1 Moritz Seider            Radko Gudas                                       25     1   2  2  
 2 Zachary Werenski         Travis Sanheim                                    25     1   2  2  
 3 Robert Hagg              Johnathan Kovacevic                               25     1   2  2  
 4 Moritz Seider            Radko Gudas                                       25     1   2  2  

PowerPlay Forward 
   Center                   Left Wing                Right Wing               Time % Phy DF OF 
 1 Boone Jenner             Artemi Panarin           Alex Killorn             60     1   2  2  
 2 Blake Wheeler            Trevor Moore             Patrick Kane             40     1   2  2  

PowerPlay Defense
   Defense                  Defense                                           Time % Phy DF OF 
 1 Moritz Seider            Radko Gudas                                       60     1   2  2  
 2 Zachary Werenski         Travis Sanheim                                    40     1   2  2  

Penalty Kill 4 Players Forward 
   Center                   Wing                     Time % Phy DF OF 
 1 Blake Wheeler            Boone Jenner             60     1   2  2  
 2 Alex Killorn             Patrick Kane             40     1   2  2  

Penalty Kill 4 Players Defense
   Defense                  Defense                  Time % Phy DF OF 
 1 Moritz Seider            Radko Gudas              60     1   2  2  
 2 Zachary Werenski         Travis Sanheim           40     1   2  2  

Penalty Kill - 3 Players Forward 
   Forward                                           Time % Phy DF OF 
 1 Alex Killorn                                      60     1   2  2  
 2 Boone Jenner                                      40     1   2  2  

Penalty Kill - 3 Players Defense
   Defense                  Defense                  Time % Phy DF OF 
 1 Moritz Seider            Radko Gudas              60     1   2  2  
 2 Zachary Werenski         Travis Sanheim           40     1   2  2  

4 vs 4 Forward 
   Center                   Wing                     Time % Phy DF OF 
 1 William Karlsson         Boone Jenner             60     1   2  2  
 2 Alex Killorn             Patrick Kane             40     1   2  2  

4 vs 4 Defense
   Defense                  Defense                  Time % Phy DF OF 
 1 Moritz Seider            Radko Gudas              60     1   2  2  
 2 Zachary Werenski         Travis Sanheim           40     1   2  2  

Last Minutes Offensive
   Center                   Left Wing                Right Wing               Defense                  Defense                  
   Boone Jenner             Artemi Panarin           Alex Killorn             Moritz Seider            Radko Gudas              

Last Minutes Defensive
   Center                   Left Wing                Right Wing               Defense                  Defense                  
   Boone Jenner             Artemi Panarin           Alex Killorn             Moritz Seider            Radko Gudas              

Goaltenders
Starting : Ilya Sorokin             
Backup : Daniil Tarasov           

Extra Forwards
Normal : Morgan Frost, William Karlsson, David Krejci - PP : Morgan Frost, William Karlsson - PK : David Krejci
Extra Defensemen
Normal : Robert Hagg, Moritz Seider, Zachary Werenski - PP : Robert Hagg - PK : Radko Gudas, Zachary Werenski
Penalty Shots
Morgan Frost, Boone Jenner, Alex Killorn, Patrick Kane, Blake Wheeler
Custom OT Lines Forwards
Artemi Panarin, Boone Jenner, Alex Killorn, Patrick Kane, Blake Wheeler, William Karlsson, David Krejci, Morgan Frost, Ryan Hartman, Trevor Moore
Custom OT Lines Defensemen
Moritz Seider, Radko Gudas, Zachary Werenski, Travis Sanheim, Robert Hagg

Scratches
Nick Seeler (Healthy)

% Time on Ice - Avalanche

Lines # - Real PCT - Wanted PCT - Time Play
Normal Forward
1 - 20% - 25% - 9:23
2 - 31% - 25% - 14:37
3 - 31% - 25% - 14:39
4 - 18% - 25% - 8:46
Normal Defense
1 - 20% - 25% - 9:22
2 - 29% - 25% - 13:44
3 - 30% - 25% - 14:26
4 - 21% - 25% - 9:53
PP Forward
1 - 61% - 60% - 6:29
2 - 39% - 40% - 4:07
PP Defense
1 - 56% - 60% - 5:54
2 - 44% - 40% - 4:42
PK Forward
1 - 83% - 60% - 1:39
2 - 17% - 40% - 0:20
PK Defense
1 - 63% - 60% - 1:15
2 - 37% - 40% - 0:44
PK3 Forward
1 - 0% - 60%
2 - 0% - 40%
PK3 Defense
1 - 0% - 60%
2 - 0% - 40%
44 Forward
1 - 0% - 60%
2 - 0% - 40%
44 Defense
1 - 0% - 60%
2 - 0% - 40%
Last Minute Offensive  - 0:00
Last Minute Defensive  - 0:00
Total
Forward - 60:00
Defense - 60:00

% Time on Ice - Flyers

Lines # - Real PCT - Wanted PCT - Time Play
Normal Forward
1 - 24% - 25% - 11:32
2 - 25% - 25% - 11:49
3 - 26% - 25% - 12:18
4 - 25% - 25% - 11:46
Normal Defense
1 - 21% - 25% - 9:46
2 - 30% - 25% - 14:21
3 - 30% - 25% - 14:18
4 - 19% - 25% - 9:00
PP Forward
1 - 66% - 60% - 1:19
2 - 34% - 40% - 0:40
PP Defense
1 - 66% - 60% - 1:19
2 - 34% - 40% - 0:40
PK Forward
1 - 75% - 60% - 7:59
2 - 25% - 40% - 2:37
PK Defense
1 - 64% - 60% - 6:44
2 - 36% - 40% - 3:52
PK3 Forward
1 - 0% - 60%
2 - 0% - 40%
PK3 Defense
1 - 0% - 60%
2 - 0% - 40%
44 Forward
1 - 0% - 60%
2 - 0% - 40%
44 Defense
1 - 0% - 60%
2 - 0% - 40%
Last Minute Offensive  - 0:00
Last Minute Defensive  - 0:00
Total
Forward - 60:00
Defense - 60:00

Play-by-Play

1st period


0:01 of 1st period - Nathan MacKinnon wins face-off versus Boone Jenner in neutral zone.
0:05 of 1st period - Valeri Nichushkin is hit by Radko Gudas and loses puck.
0:11 of 1st period - Icing by Alex Killorn.
0:12 of 1st period - J.T. Compher wins face-off versus Boone Jenner in Flyers zone.
0:42 of 1st period - Icing by Tyson Barrie.
0:43 of 1st period - Sebastian Aho wins face-off versus Blake Wheeler in Avalanche zone.
1:41 of 1st period - Brandon Tanev is hit by Warren Foegele and loses puck.
2:13 of 1st period - Roope Hintz is hit by Ryan Hartman and loses puck.
2:33 of 1st period - Icing by Moritz Seider.
2:34 of 1st period - Alex Newhook wins face-off versus David Krejci in Flyers zone.
2:35 of 1st period - Shot by Nathan MacKinnon.
2:35 of 1st period - Stopped by Ilya Sorokin without a rebound.
2:36 of 1st period - Alex Newhook wins face-off versus David Krejci in Flyers zone.
3:28 of 1st period - Shot by Sebastian Aho.
3:28 of 1st period - Deflect By J.T. Compher.
3:28 of 1st period - Shot Misses the Net.
3:42 of 1st period - Shot by Evander Kane.
3:42 of 1st period - Shot Misses the Net.
3:44 of 1st period - Shot by J.T. Compher.
3:44 of 1st period - Stopped by Ilya Sorokin without a rebound.
3:45 of 1st period - Boone Jenner wins face-off versus Nathan MacKinnon in Flyers zone.
3:52 of 1st period - Shot by Valeri Nichushkin.
3:52 of 1st period - Stopped by Ilya Sorokin without a rebound.
3:53 of 1st period - Sebastian Aho wins face-off versus William Karlsson in Flyers zone.
4:04 of 1st period - Shot by Evander Kane.
4:04 of 1st period - Stopped by Ilya Sorokin with a rebound.
4:14 of 1st period - Ryan Hartman is hit by Marc-Edouard Vlasic and loses puck.
4:21 of 1st period - Shot by William Karlsson.
4:21 of 1st period - Stopped by Ilya Samsonov without a rebound.
4:22 of 1st period - Mikko Rantanen wins face-off versus Boone Jenner in Avalanche zone.
4:22 of 1st period - Mikko Rantanen is hit by Boone Jenner.
4:30 of 1st period - Shot by Mikko Rantanen.
4:30 of 1st period - Shot Misses the Net.
4:41 of 1st period - Alex Killorn is hit by Justin Faulk and loses puck.
5:15 of 1st period - Artemi Panarin is hit by Jordie Benn and loses puck.
5:29 of 1st period - Alex Iafallo is hit by Travis Sanheim and loses puck.
6:44 of 1st period - Icing by J.T. Compher.
6:45 of 1st period - Sebastian Aho wins face-off versus David Krejci in Avalanche zone.
7:40 of 1st period - Shot by Artemi Panarin.
7:40 of 1st period - Deflect By Boone Jenner.
7:40 of 1st period - Shot Misses the Net.
7:42 of 1st period - Shot by Artemi Panarin.
7:42 of 1st period - Deflect By Alex Killorn.
7:42 of 1st period - Shot Misses the Net.
7:44 of 1st period - Shot by Alex Killorn.
7:44 of 1st period - Shot Blocked by Brendan Smith.
7:46 of 1st period - Shot by Travis Sanheim.
7:46 of 1st period - Stopped by Ilya Samsonov without a rebound.
7:47 of 1st period - Nathan MacKinnon wins face-off versus Blake Wheeler in Avalanche zone.
7:47 of 1st period - Valeri Nichushkin is hit by Radko Gudas and loses puck.
7:48 of 1st period - Minor Penalty to Trevor Moore for Slashing.
7:49 of 1st period - Nathan MacKinnon wins face-off versus Blake Wheeler in Flyers zone.
7:49 of 1st period - Nathan MacKinnon is hit by Radko Gudas.
7:59 of 1st period - Shot by Justin Faulk.
7:59 of 1st period - Stopped by Ilya Sorokin with a rebound.
8:07 of 1st period - Shot by Mikko Rantanen.
8:07 of 1st period - Shot Misses the Net.
8:09 of 1st period - Shot by Justin Faulk.
8:09 of 1st period - Stopped by Ilya Sorokin without a rebound.
8:10 of 1st period - Blake Wheeler wins face-off versus Sebastian Aho in Flyers zone.
8:18 of 1st period - Icing by Marc-Edouard Vlasic.
8:19 of 1st period - Sebastian Aho wins face-off versus Blake Wheeler in Avalanche zone.
8:46 of 1st period - Shot by Tyson Barrie.
8:46 of 1st period - Shot Misses the Net.
8:48 of 1st period - Shot by Marc-Edouard Vlasic.
8:48 of 1st period - Stopped by Ilya Sorokin without a rebound.
8:49 of 1st period - Nathan MacKinnon wins face-off versus Blake Wheeler in Flyers zone.
8:56 of 1st period - Shot by Mikko Rantanen.
8:56 of 1st period - Shot Misses the Net.
9:30 of 1st period - Shot by Erik Karlsson.
9:30 of 1st period - Shot Misses the Net.
10:15 of 1st period - Shot by Alex Iafallo.
10:15 of 1st period - Stopped by Ilya Sorokin without a rebound.
10:16 of 1st period - Sebastian Aho wins face-off versus David Krejci in Flyers zone.
10:19 of 1st period - Shot by J.T. Compher.
10:19 of 1st period - Shot Blocked by Anthony Duclair.
10:21 of 1st period - Shot by Tyson Barrie.
10:21 of 1st period - Shot Blocked by Travis Sanheim.
10:25 of 1st period - Shot by Sebastian Aho.
10:25 of 1st period - Stopped by Ilya Sorokin without a rebound.
10:26 of 1st period - David Krejci wins face-off versus Sebastian Aho in Flyers zone.
11:05 of 1st period - Shot by Sebastian Aho.
11:05 of 1st period - Deflect By Evander Kane.
11:05 of 1st period - Shot Misses the Net.
11:29 of 1st period - Shot by Blake Wheeler.
11:29 of 1st period - Shot Blocked by Marc-Edouard Vlasic.
11:44 of 1st period - Icing by Travis Sanheim.
11:45 of 1st period - Blake Wheeler wins face-off versus Nathan MacKinnon in Flyers zone.
12:01 of 1st period - Shot by Valeri Nichushkin.
12:01 of 1st period - Stopped by Ilya Sorokin without a rebound.
12:02 of 1st period - Warren Foegele wins face-off versus Boone Jenner in Flyers zone.
12:07 of 1st period - Shot by Warren Foegele.
12:07 of 1st period - Goal by Warren Foegele - Avalanche : 1 - Flyers : 0.
12:08 of 1st period - Boone Jenner wins face-off versus Alex Newhook in neutral zone.
12:23 of 1st period - Rocco Grimaldi is hit by Radko Gudas and loses puck.
13:25 of 1st period - Shot by Roope Hintz.
13:25 of 1st period - Shot Misses the Net.
13:35 of 1st period - Shot by Alex Iafallo.
13:35 of 1st period - Stopped by Ilya Sorokin without a rebound.
13:36 of 1st period - Sebastian Aho wins face-off versus Blake Wheeler in Flyers zone.
14:03 of 1st period - Shot by Sebastian Aho.
14:03 of 1st period - Shot Misses the Net.
14:05 of 1st period - Shot by Sebastian Aho.
14:05 of 1st period - Shot Misses the Net.
14:45 of 1st period - Shot by Mikko Rantanen.
14:45 of 1st period - Shot Misses the Net.
14:47 of 1st period - Shot by Valeri Nichushkin.
14:47 of 1st period - Stopped by Ilya Sorokin without a rebound.
14:48 of 1st period - Nathan MacKinnon wins face-off versus William Karlsson in Flyers zone.
14:48 of 1st period - Valeri Nichushkin is hit by Robert Hagg and loses puck.
15:05 of 1st period - Shot by Ryan Hartman.
15:05 of 1st period - Stopped by Ilya Samsonov without a rebound.
15:06 of 1st period - Boone Jenner wins face-off versus Roope Hintz in Avalanche zone.
15:15 of 1st period - Shot by Artemi Panarin.
15:15 of 1st period - Stopped by Ilya Samsonov without a rebound.
15:16 of 1st period - Blake Wheeler wins face-off versus Nathan MacKinnon in Avalanche zone.
15:19 of 1st period - Shot by Trevor Moore.
15:19 of 1st period - Stopped by Ilya Samsonov with a rebound.
15:54 of 1st period - Shot by Nathan MacKinnon.
15:54 of 1st period - Shot Misses the Net.
16:21 of 1st period - Shot by Roope Hintz.
16:21 of 1st period - Stopped by Ilya Sorokin without a rebound.
16:22 of 1st period - Sebastian Aho wins face-off versus Boone Jenner in Flyers zone.
16:23 of 1st period - Shot by J.T. Compher.
16:23 of 1st period - Shot Misses the Net.
16:47 of 1st period - Shot by Alex Killorn.
16:47 of 1st period - Shot Blocked by J.T. Compher.
17:31 of 1st period - Shot by Brandon Tanev.
17:31 of 1st period - Stopped by Ilya Samsonov without a rebound.
17:32 of 1st period - David Krejci wins face-off versus Alex Newhook in Avalanche zone.
17:59 of 1st period - Shot by David Krejci.
17:59 of 1st period - Shot Misses the Net.
18:03 of 1st period - Shot by Anthony Duclair.
18:03 of 1st period - Stopped by Ilya Samsonov without a rebound.
18:04 of 1st period - Roope Hintz wins face-off versus William Karlsson in Avalanche zone.
18:04 of 1st period - Roope Hintz is hit by Brandon Tanev.
18:21 of 1st period - Shot by Roope Hintz.
18:21 of 1st period - Stopped by Ilya Sorokin without a rebound.
18:21 of 1st period - Minor Penalty to Moritz Seider for Hooking.
18:22 of 1st period - Blake Wheeler wins face-off versus Nathan MacKinnon in Flyers zone.
18:45 of 1st period - Blake Wheeler is hit by Mikko Rantanen and loses puck.
19:02 of 1st period - Shot by Mikko Rantanen.
19:02 of 1st period - Goal by Mikko Rantanen - Avalanche : 2 - Flyers : 0.
19:03 of 1st period - David Krejci wins face-off versus Roope Hintz in neutral zone.
19:29 of 1st period - Minor Penalty to Jordie Benn for Hooking.
19:30 of 1st period - Nathan MacKinnon wins face-off versus Boone Jenner in Avalanche zone.
19:42 of 1st period - Shot by Alex Killorn.
19:42 of 1st period - Shot Misses the Net.
19:54 of 1st period - Shot by Alex Killorn.
19:54 of 1st period - Shot Misses the Net.
19:56 of 1st period - Shot by Radko Gudas.
19:56 of 1st period - Shot Misses the Net.
19:58 of 1st period - Shot by Moritz Seider.
19:58 of 1st period - Shot Misses the Net.
Goals for this period are 2 for Avalanche vs 0 for Flyers.
Shots for this period are 16 for Avalanche vs 7 for Flyers.

2nd period


0:01 of 2nd period - Boone Jenner wins face-off versus Nathan MacKinnon in neutral zone.
0:06 of 2nd period - Shot by Alex Killorn.
0:06 of 2nd period - Stopped by Ilya Samsonov without a rebound.
0:07 of 2nd period - Boone Jenner wins face-off versus Nathan MacKinnon in Avalanche zone.
0:26 of 2nd period - Shot by Alex Killorn.
0:26 of 2nd period - Stopped by Ilya Samsonov with a rebound.
0:48 of 2nd period - Shot by Radko Gudas.
0:48 of 2nd period - Stopped by Ilya Samsonov without a rebound.
0:49 of 2nd period - Blake Wheeler wins face-off versus Mikko Rantanen in Avalanche zone.
0:54 of 2nd period - Shot by Zachary Werenski.
0:54 of 2nd period - Deflect By Blake Wheeler.
0:54 of 2nd period - Stopped by Ilya Samsonov without a rebound.
0:55 of 2nd period - Nathan MacKinnon wins face-off versus Blake Wheeler in Avalanche zone.
0:55 of 2nd period - Nathan MacKinnon is hit by Blake Wheeler.
1:44 of 2nd period - Shot by Ryan Hartman.
1:44 of 2nd period - Stopped by Ilya Samsonov without a rebound.
1:45 of 2nd period - Boone Jenner wins face-off versus Sebastian Aho in Avalanche zone.
1:46 of 2nd period - Shot by Artemi Panarin.
1:46 of 2nd period - Shot Misses the Net.
1:47 of 2nd period - Minor Penalty to Boone Jenner for Holding.
1:48 of 2nd period - Sebastian Aho wins face-off versus Blake Wheeler in Flyers zone.
2:17 of 2nd period - Shot by Erik Karlsson.
2:17 of 2nd period - Stopped by Ilya Sorokin with a rebound.
2:50 of 2nd period - Shot by Nathan MacKinnon.
2:50 of 2nd period - Stopped by Ilya Sorokin without a rebound.
2:51 of 2nd period - Nathan MacKinnon wins face-off versus Blake Wheeler in Flyers zone.
3:00 of 2nd period - Shot by Nathan MacKinnon.
3:00 of 2nd period - Stopped by Ilya Sorokin without a rebound.
3:01 of 2nd period - Blake Wheeler wins face-off versus Nathan MacKinnon in Flyers zone.
3:05 of 2nd period - David Krejci is hit by Marc-Edouard Vlasic.
3:48 of 2nd period - Icing by Justin Faulk.
3:49 of 2nd period - William Karlsson wins face-off versus Roope Hintz in Avalanche zone.
4:54 of 2nd period - Shot by Boone Jenner.
4:54 of 2nd period - Stopped by Ilya Samsonov without a rebound.
4:55 of 2nd period - Nathan MacKinnon wins face-off versus Boone Jenner in Avalanche zone.
5:04 of 2nd period - Shot by Artemi Panarin.
5:04 of 2nd period - Stopped by Ilya Samsonov with a rebound.
5:06 of 2nd period - Shot by Alex Killorn.
5:06 of 2nd period - Stopped by Ilya Samsonov without a rebound.
5:07 of 2nd period - Alex Newhook wins face-off versus Blake Wheeler in Avalanche zone.
5:12 of 2nd period - Trevor Moore is hit by Nathan MacKinnon and loses puck.
5:53 of 2nd period - Trevor Moore is hit by Alex Newhook and loses puck.
6:14 of 2nd period - Shot by Alex Iafallo.
6:14 of 2nd period - Stopped by Ilya Sorokin without a rebound.
6:15 of 2nd period - Boone Jenner wins face-off versus Sebastian Aho in Flyers zone.
6:22 of 2nd period - Shot by Alex Killorn.
6:22 of 2nd period - Stopped by Ilya Samsonov without a rebound.
6:23 of 2nd period - David Krejci wins face-off versus Roope Hintz in Avalanche zone.
6:30 of 2nd period - Shot by Anthony Duclair.
6:30 of 2nd period - Shot Hit the Post.
6:32 of 2nd period - Shot by Moritz Seider.
6:32 of 2nd period - Shot Blocked by Jordie Benn.
6:40 of 2nd period - Shot by Anthony Duclair.
6:40 of 2nd period - Shot Misses the Net.
7:17 of 2nd period - Icing by Brett Kulak.
7:18 of 2nd period - Roope Hintz wins face-off versus William Karlsson in Avalanche zone.
7:32 of 2nd period - William Karlsson is hit by Justin Faulk and loses puck.
7:36 of 2nd period - Icing by Valeri Nichushkin.
7:37 of 2nd period - Nathan MacKinnon wins face-off versus Alex Killorn in Avalanche zone.
7:47 of 2nd period - Valeri Nichushkin is hit by Robert Hagg and loses puck.
7:57 of 2nd period - Nathan MacKinnon is hit by Robert Hagg and loses puck.
8:02 of 2nd period - Shot by Valeri Nichushkin.
8:02 of 2nd period - Stopped by Ilya Sorokin without a rebound.
8:03 of 2nd period - Sebastian Aho wins face-off versus David Krejci in Flyers zone.
8:04 of 2nd period - Shot by Evander Kane.
8:04 of 2nd period - Shot Hit the Post.
8:15 of 2nd period - Shot by Tyson Barrie.
8:15 of 2nd period - Shot Blocked by Radko Gudas.
8:37 of 2nd period - Sebastian Aho is hit by Morgan Frost and loses puck.
9:15 of 2nd period - Shot by Nathan MacKinnon.
9:15 of 2nd period - Shot Misses the Net.
9:17 of 2nd period - Shot by Valeri Nichushkin.
9:17 of 2nd period - Stopped by Ilya Sorokin without a rebound.
9:18 of 2nd period - Blake Wheeler wins face-off versus Roope Hintz in Flyers zone.
9:35 of 2nd period - Shot by Blake Wheeler.
9:35 of 2nd period - Shot Misses the Net.
9:38 of 2nd period - Icing by Jordie Benn.
9:39 of 2nd period - Roope Hintz wins face-off versus Boone Jenner in Avalanche zone.
9:59 of 2nd period - Icing by Zachary Werenski.
10:00 of 2nd period - Alex Newhook wins face-off versus Boone Jenner in Flyers zone.
10:03 of 2nd period - Shot by Rocco Grimaldi.
10:03 of 2nd period - Stopped by Ilya Sorokin without a rebound.
10:04 of 2nd period - Alex Newhook wins face-off versus William Karlsson in Flyers zone.
10:38 of 2nd period - Alex Newhook is hit by Robert Hagg and loses puck.
10:55 of 2nd period - Icing by Sebastian Aho.
10:56 of 2nd period - Boone Jenner wins face-off versus Sebastian Aho in Avalanche zone.
10:59 of 2nd period - Shot by Artemi Panarin.
10:59 of 2nd period - Shot Misses the Net.
11:01 of 2nd period - Shot by Radko Gudas.
11:01 of 2nd period - Shot Misses the Net.
11:03 of 2nd period - Shot by Moritz Seider.
11:03 of 2nd period - Stopped by Ilya Samsonov without a rebound.
11:04 of 2nd period - Blake Wheeler wins face-off versus Roope Hintz in Avalanche zone.
11:42 of 2nd period - Off-side.
11:43 of 2nd period - Boone Jenner wins face-off versus Nathan MacKinnon in neutral zone.
11:47 of 2nd period - Zachary Werenski is hit by Justin Faulk and loses puck.
11:56 of 2nd period - Icing by Artemi Panarin.
11:57 of 2nd period - Boone Jenner wins face-off versus Sebastian Aho in Flyers zone.
12:10 of 2nd period - Marc-Edouard Vlasic is hit by Boone Jenner and loses puck.
12:27 of 2nd period - Artemi Panarin is hit by Tyson Barrie and loses puck.
13:06 of 2nd period - Shot by David Krejci.
13:06 of 2nd period - Stopped by Ilya Samsonov with a rebound.
13:08 of 2nd period - Shot by Moritz Seider.
13:08 of 2nd period - Shot Misses the Net.
14:06 of 2nd period - Shot by Patrick Kane.
14:06 of 2nd period - Shot Blocked by Jordie Benn.
14:14 of 2nd period - Shot by Patrick Kane.
14:14 of 2nd period - Stopped by Ilya Samsonov without a rebound.
14:15 of 2nd period - Sebastian Aho wins face-off versus William Karlsson in Avalanche zone.
14:45 of 2nd period - Marc-Edouard Vlasic is hit by Brandon Tanev and loses puck.
15:05 of 2nd period - Off-side.
15:06 of 2nd period - David Krejci wins face-off versus Roope Hintz in neutral zone.
16:12 of 2nd period - Shot by Patrick Kane.
16:12 of 2nd period - Deflect By Blake Wheeler.
16:12 of 2nd period - Shot Misses the Net.
16:36 of 2nd period - Shot by Nathan MacKinnon.
16:36 of 2nd period - Stopped by Ilya Sorokin without a rebound.
16:37 of 2nd period - William Karlsson wins face-off versus Sebastian Aho in Flyers zone.
16:37 of 2nd period - William Karlsson is hit by Evander Kane.
16:45 of 2nd period - Brandon Tanev is hit by Evander Kane and loses puck.
17:11 of 2nd period - Icing by Ryan Hartman.
17:12 of 2nd period - William Karlsson wins face-off versus Nathan MacKinnon in Flyers zone.
17:21 of 2nd period - Shot by Mikko Rantanen.
17:21 of 2nd period - Shot Misses the Net.
17:24 of 2nd period - Icing by Radko Gudas.
17:25 of 2nd period - William Karlsson wins face-off versus Roope Hintz in Flyers zone.
17:39 of 2nd period - Shot by Roope Hintz.
17:39 of 2nd period - Deflect By Alex Iafallo.
17:39 of 2nd period - Shot Misses the Net.
17:45 of 2nd period - William Karlsson is hit by Alex Iafallo.
17:52 of 2nd period - William Karlsson is hit by Jordie Benn and loses puck.
18:13 of 2nd period - Shot by Zachary Werenski.
18:13 of 2nd period - Shot Blocked by Jordie Benn.
18:21 of 2nd period - Shot by Alex Killorn.
18:21 of 2nd period - Shot Misses the Net.
18:36 of 2nd period - Icing by Artemi Panarin.
18:37 of 2nd period - Alex Newhook wins face-off versus Boone Jenner in Flyers zone.
18:43 of 2nd period - Artemi Panarin is hit by Justin Faulk and loses puck.
18:50 of 2nd period - Shot by Artemi Panarin.
18:50 of 2nd period - Stopped by Ilya Samsonov without a rebound.
18:51 of 2nd period - David Krejci wins face-off versus Sebastian Aho in Avalanche zone.
18:54 of 2nd period - Shot by Anthony Duclair.
18:54 of 2nd period - Stopped by Ilya Samsonov without a rebound.
18:55 of 2nd period - Nathan MacKinnon wins face-off versus David Krejci in Avalanche zone.
18:55 of 2nd period - Nathan MacKinnon is hit by David Krejci.
19:12 of 2nd period - Valeri Nichushkin is hit by Anthony Duclair and loses puck.
19:25 of 2nd period - Shot by Anthony Duclair.
19:25 of 2nd period - Shot Blocked by Brendan Smith.
19:25 of 2nd period - Brendan Smith from Avalanche is injured at 19:25 of 2nd period (Right Forearm).
19:26 of 2nd period - Blake Wheeler wins face-off versus Sebastian Aho in Avalanche zone.
19:30 of 2nd period - Icing by Tyson Barrie.
19:31 of 2nd period - Sebastian Aho wins face-off versus Blake Wheeler in Avalanche zone.
19:35 of 2nd period - Sebastian Aho is hit by Trevor Moore and loses puck.
19:40 of 2nd period - Marc-Edouard Vlasic is hit by Patrick Kane and loses puck.
19:46 of 2nd period - Icing by Marc-Edouard Vlasic.
19:47 of 2nd period - Sebastian Aho wins face-off versus David Krejci in Avalanche zone.
Goals for this period are 0 for Avalanche vs 0 for Flyers.
Shots for this period are 8 for Avalanche vs 14 for Flyers.

3rd period


0:01 of 3rd period - Alex Newhook wins face-off versus Blake Wheeler in neutral zone.
0:28 of 3rd period - Shot by Nathan MacKinnon.
0:28 of 3rd period - Stopped by Ilya Sorokin with a rebound.
0:30 of 3rd period - Shot by Justin Faulk.
0:30 of 3rd period - Stopped by Ilya Sorokin without a rebound.
0:31 of 3rd period - Sebastian Aho wins face-off versus Boone Jenner in Flyers zone.
0:43 of 3rd period - Minor Penalty to Boone Jenner for Holding.
0:44 of 3rd period - Blake Wheeler wins face-off versus Nathan MacKinnon in Flyers zone.
1:40 of 3rd period - Shot by David Krejci.
1:40 of 3rd period - Shot Blocked by Tyson Barrie.
2:11 of 3rd period - Icing by Marc-Edouard Vlasic.
2:12 of 3rd period - Sebastian Aho wins face-off versus William Karlsson in Avalanche zone.
2:50 of 3rd period - Roope Hintz is hit by Robert Hagg and loses puck.
3:09 of 3rd period - Icing by Warren Foegele.
3:10 of 3rd period - Roope Hintz wins face-off versus William Karlsson in Avalanche zone.
3:22 of 3rd period - Shot by William Karlsson.
3:22 of 3rd period - Shot Misses the Net.
3:56 of 3rd period - Icing by Alex Iafallo.
3:57 of 3rd period - Roope Hintz wins face-off versus David Krejci in Avalanche zone.
3:57 of 3rd period - Roope Hintz is hit by Anthony Duclair.
4:00 of 3rd period - Alex Iafallo is hit by David Krejci and loses puck.
4:42 of 3rd period - Minor Penalty to Radko Gudas for Hooking.
4:43 of 3rd period - Sebastian Aho wins face-off versus Blake Wheeler in Flyers zone.
5:16 of 3rd period - Shot by Sebastian Aho.
5:16 of 3rd period - Goal by Sebastian Aho - Avalanche : 3 - Flyers : 0.
5:17 of 3rd period - William Karlsson wins face-off versus Alex Newhook in neutral zone.
5:24 of 3rd period - Shot by Brandon Tanev.
5:24 of 3rd period - Shot Blocked by Marc-Edouard Vlasic.
5:26 of 3rd period - Shot by Johnathan Kovacevic.
5:26 of 3rd period - Shot Blocked by Marc-Edouard Vlasic.
5:32 of 3rd period - Shot by Brandon Tanev.
5:32 of 3rd period - Shot Misses the Net.
5:38 of 3rd period - Shot by Brandon Tanev.
5:38 of 3rd period - Shot Blocked by Marc-Edouard Vlasic.
5:40 of 3rd period - Shot by Ryan Hartman.
5:40 of 3rd period - Stopped by Ilya Samsonov without a rebound.
5:41 of 3rd period - David Krejci wins face-off versus Nathan MacKinnon in Avalanche zone.
6:07 of 3rd period - Minor Penalty to Moritz Seider for Slashing.
6:08 of 3rd period - Sebastian Aho wins face-off versus Blake Wheeler in Flyers zone.
6:16 of 3rd period - Icing by Marc-Edouard Vlasic.
6:17 of 3rd period - Blake Wheeler wins face-off versus J.T. Compher in Avalanche zone.
6:31 of 3rd period - Off-side.
6:32 of 3rd period - Blake Wheeler wins face-off versus Nathan MacKinnon in neutral zone.
6:42 of 3rd period - Off-side.
6:43 of 3rd period - Nathan MacKinnon wins face-off versus Blake Wheeler in neutral zone.
7:00 of 3rd period - Icing by Marc-Edouard Vlasic.
7:01 of 3rd period - Valeri Nichushkin wins face-off versus Blake Wheeler in Avalanche zone.
7:16 of 3rd period - Shot by Nathan MacKinnon.
7:16 of 3rd period - Stopped by Ilya Sorokin with a rebound.
7:59 of 3rd period - Shot by Alex Killorn.
7:59 of 3rd period - Stopped by Ilya Samsonov with a rebound.
8:18 of 3rd period - Roope Hintz is hit by Robert Hagg and loses puck.
8:25 of 3rd period - Shot by Roope Hintz.
8:25 of 3rd period - Stopped by Ilya Sorokin without a rebound.
8:26 of 3rd period - David Krejci wins face-off versus Sebastian Aho in Flyers zone.
8:26 of 3rd period - Morgan Frost is hit by Evander Kane and loses puck.
8:42 of 3rd period - Morgan Frost is hit by Justin Faulk.
10:09 of 3rd period - Icing by Moritz Seider.
10:10 of 3rd period - Roope Hintz wins face-off versus Blake Wheeler in Flyers zone.
10:10 of 3rd period - Roope Hintz is hit by Radko Gudas.
10:17 of 3rd period - Alex Iafallo is hit by Moritz Seider and loses puck.
10:26 of 3rd period - Shot by Roope Hintz.
10:26 of 3rd period - Deflect By Alex Iafallo.
10:26 of 3rd period - Stopped by Ilya Sorokin without a rebound.
10:27 of 3rd period - Boone Jenner wins face-off versus Valeri Nichushkin in Flyers zone.
10:44 of 3rd period - Shot by Boone Jenner.
10:44 of 3rd period - Stopped by Ilya Samsonov without a rebound.
10:45 of 3rd period - David Krejci wins face-off versus Evander Kane in Avalanche zone.
10:48 of 3rd period - Shot by Zachary Werenski.
10:48 of 3rd period - Stopped by Ilya Samsonov without a rebound.
10:49 of 3rd period - Boone Jenner wins face-off versus Sebastian Aho in Avalanche zone.
10:50 of 3rd period - Shot by Alex Killorn.
10:50 of 3rd period - Deflect By Boone Jenner.
10:50 of 3rd period - Stopped by Ilya Samsonov without a rebound.
10:51 of 3rd period - Sebastian Aho wins face-off versus Boone Jenner in Avalanche zone.
10:51 of 3rd period - Sebastian Aho is hit by Artemi Panarin.
11:03 of 3rd period - Shot by Sebastian Aho.
11:03 of 3rd period - Deflect By Evander Kane.
11:03 of 3rd period - Shot Misses the Net.
11:43 of 3rd period - Shot by Trevor Moore.
11:43 of 3rd period - Shot Blocked by Erik Karlsson.
11:46 of 3rd period - Minor Penalty to Trevor Moore for Hooking.
11:47 of 3rd period - Nathan MacKinnon wins face-off versus Blake Wheeler in Flyers zone.
11:48 of 3rd period - Shot by Valeri Nichushkin.
11:48 of 3rd period - Stopped by Ilya Sorokin without a rebound.
11:49 of 3rd period - Nathan MacKinnon wins face-off versus Blake Wheeler in Flyers zone.
11:54 of 3rd period - Shot by Marc-Edouard Vlasic.
11:54 of 3rd period - Shot Blocked by Zachary Werenski.
11:56 of 3rd period - Shot by Marc-Edouard Vlasic.
11:56 of 3rd period - Goal by Marc-Edouard Vlasic - Avalanche : 4 - Flyers : 0.
11:57 of 3rd period - Alex Newhook wins face-off versus Blake Wheeler in neutral zone.
12:00 of 3rd period - Zachary Werenski is hit by Alex Newhook.
12:29 of 3rd period - Nathan MacKinnon is hit by Zachary Werenski and loses puck.
12:34 of 3rd period - Shot by Nathan MacKinnon.
12:34 of 3rd period - Shot Blocked by Travis Sanheim.
12:43 of 3rd period - Icing by Zachary Werenski.
12:44 of 3rd period - Blake Wheeler wins face-off versus Sebastian Aho in Flyers zone.
12:46 of 3rd period - Icing by Zachary Werenski.
12:47 of 3rd period - Sebastian Aho wins face-off versus Blake Wheeler in Flyers zone.
12:56 of 3rd period - Shot by J.T. Compher.
12:56 of 3rd period - Stopped by Ilya Sorokin without a rebound.
12:57 of 3rd period - Roope Hintz wins face-off versus Boone Jenner in Flyers zone.
12:57 of 3rd period - Justin Faulk is hit by Radko Gudas and loses puck.
12:58 of 3rd period - Minor Penalty to Radko Gudas for Cross-checking.
12:59 of 3rd period - Mikko Rantanen wins face-off versus Blake Wheeler in Flyers zone.
12:59 of 3rd period - Mikko Rantanen is hit by Moritz Seider.
13:33 of 3rd period - Shot by Mikko Rantanen.
13:33 of 3rd period - Shot Hit the Post.
14:13 of 3rd period - Shot by J.T. Compher.
14:13 of 3rd period - Goal by J.T. Compher - Avalanche : 5 - Flyers : 0.
14:14 of 3rd period - Roope Hintz wins face-off versus Morgan Frost in neutral zone.
14:19 of 3rd period - Shot by Roope Hintz.
14:19 of 3rd period - Stopped by Ilya Sorokin without a rebound.
14:20 of 3rd period - Sebastian Aho wins face-off versus David Krejci in Flyers zone.
14:20 of 3rd period - Sebastian Aho is hit by Robert Hagg.
14:30 of 3rd period - Shot by Sebastian Aho.
14:30 of 3rd period - Deflect By J.T. Compher.
14:30 of 3rd period - Shot Blocked by Johnathan Kovacevic.
14:32 of 3rd period - Shot by J.T. Compher.
14:32 of 3rd period - Stopped by Ilya Sorokin without a rebound.
14:33 of 3rd period - Boone Jenner wins face-off versus Roope Hintz in Flyers zone.
14:38 of 3rd period - Shot by Boone Jenner.
14:38 of 3rd period - Shot Misses the Net.
14:40 of 3rd period - Shot by Moritz Seider.
14:40 of 3rd period - Stopped by Ilya Samsonov without a rebound.
14:41 of 3rd period - Boone Jenner wins face-off versus Nathan MacKinnon in Avalanche zone.
14:42 of 3rd period - Shot by Alex Killorn.
14:42 of 3rd period - Stopped by Ilya Samsonov without a rebound.
14:43 of 3rd period - Nathan MacKinnon wins face-off versus Boone Jenner in Avalanche zone.
16:38 of 3rd period - Justin Faulk is hit by Brandon Tanev and loses puck.
16:45 of 3rd period - Shot by Ryan Hartman.
16:45 of 3rd period - Shot Misses the Net.
16:47 of 3rd period - Shot by Robert Hagg.
16:47 of 3rd period - Shot Misses the Net.
16:49 of 3rd period - Shot by Brandon Tanev.
16:49 of 3rd period - Shot Misses the Net.
16:51 of 3rd period - Shot by Brandon Tanev.
16:51 of 3rd period - Shot Misses the Net.
16:53 of 3rd period - Shot by Brandon Tanev.
16:53 of 3rd period - Deflect By William Karlsson.
16:53 of 3rd period - Shot Misses the Net.
16:55 of 3rd period - Shot by Johnathan Kovacevic.
16:55 of 3rd period - Shot Misses the Net.
17:16 of 3rd period - Icing by Justin Faulk.
17:17 of 3rd period - Roope Hintz wins face-off versus David Krejci in Avalanche zone.
17:22 of 3rd period - Shot by David Krejci.
17:22 of 3rd period - Shot Misses the Net.
17:24 of 3rd period - Shot by Anthony Duclair.
17:24 of 3rd period - Stopped by Ilya Samsonov without a rebound.
17:25 of 3rd period - David Krejci wins face-off versus Alex Newhook in Avalanche zone.
17:28 of 3rd period - Shot by Morgan Frost.
17:28 of 3rd period - Stopped by Ilya Samsonov with a rebound.
17:58 of 3rd period - Icing by Brett Kulak.
17:59 of 3rd period - Alex Newhook wins face-off versus Boone Jenner in Avalanche zone.
18:12 of 3rd period - Shot by Jordie Benn.
18:12 of 3rd period - Stopped by Ilya Sorokin without a rebound.
18:13 of 3rd period - Sebastian Aho wins face-off versus Patrick Kane in Flyers zone.
18:13 of 3rd period - Tyson Barrie is hit by Robert Hagg and loses puck.
18:18 of 3rd period - Shot by Tyson Barrie.
18:18 of 3rd period - Stopped by Ilya Sorokin without a rebound.
18:19 of 3rd period - Blake Wheeler wins face-off versus J.T. Compher in Flyers zone.
18:44 of 3rd period - Shot by Evander Kane.
18:44 of 3rd period - Deflect By Sebastian Aho.
18:44 of 3rd period - Stopped by Ilya Sorokin without a rebound.
18:45 of 3rd period - Nathan MacKinnon wins face-off versus Boone Jenner in Flyers zone.
18:48 of 3rd period - Shot by Nathan MacKinnon.
18:48 of 3rd period - Stopped by Ilya Sorokin without a rebound.
18:49 of 3rd period - William Karlsson wins face-off versus Nathan MacKinnon in Flyers zone.
18:51 of 3rd period - Icing by Moritz Seider.
18:52 of 3rd period - William Karlsson wins face-off versus Nathan MacKinnon in Flyers zone.
19:10 of 3rd period - William Karlsson is hit by Brett Kulak and loses puck.
19:30 of 3rd period - Shot by Mikko Rantanen.
19:30 of 3rd period - Shot Hit the Post.
19:43 of 3rd period - Icing by Valeri Nichushkin.
19:44 of 3rd period - David Krejci wins face-off versus Mikko Rantanen in Avalanche zone.
19:46 of 3rd period - Anthony Duclair is hit by Brett Kulak and loses puck.
Goals for this period are 3 for Avalanche vs 0 for Flyers.
Shots for this period are 16 for Avalanche vs 9 for Flyers.